 Dungeon Crawl Stone Soup version 0.18-a0-960-g77c8fc5 (webtiles) character file.

115 tof the Shield-Bearer (level 4, 0/38 HPs)
             Began as a Demigod Fighter on Dec 31, 2015.
             Slain by a gnoll
             ... wielding a +0 flail
              (5 damage)
             ... on level 3 of the Dungeon.
             The game lasted 00:03:28 (2164 turns).

tof the Shield-Bearer (Demigod Fighter)             Turns: 2164, Time: 00:03:28

Health: 0/38       AC: 11    Str: 19    XL:     4   Next: 41%
Magic:  15/15      EV:  8    Int: 12    God:
Gold:   62         SH: 10    Dex: 17    Spells: 0 memorised, 3 levels left

rFire  . . .     SeeInvis .     a - +0 long sword
rCold  . . .     Gourm    .     b - +0 scale mail
rNeg   . . .     Faith    .     c - +0 shield
rPois  .         Spirit   .     (no helmet)
rElec  .         Dismiss  .     (no cloak)
rCorr  .         Reflect  .     g - +2 pair of gloves {archery}
SustAt +         Harm     .     q - +0 pair of boots
MR     .....                    (no amulet)
Stlth  ..........               (no ring)
                                k - ring of magical power

@: not resistant to hostile enchantments, extremely unstealthy
A: high mp 1, sustain attributes
a: no special abilities


You were on level 3 of the Dungeon.
You were not hungry.

You visited 1 branch of the dungeon, and saw 3 of its levels.

You collected 62 gold pieces.

Inventory:

Hand Weapons
 a - a +0 long sword (weapon)
Armour
 b - a +0 scale mail (worn)
 c - a +0 shield (worn)
 g - a +2 pair of gloves of archery (worn)
 q - a +0 pair of boots (worn)
Jewellery
 k - a ring of magical power (left hand)
Scrolls
 h - 2 scrolls of fear {unknown}
 l - a scroll of remove curse {unknown}
 m - 2 scrolls of identify {unknown}
 n - a scroll of immolation {unknown}
Potions
 d - a potion of might
 e - a potion of curing {unknown}
 j - a potion of mutation {unknown}
 o - a potion of degeneration {unknown}
 p - a potion of ambrosia {unknown}
 r - a potion of cancellation {unknown}
Comestibles
 f - 3 bread rations
 i - 2 slices of pizza


   Skills:
 + Level 3.1 Fighting
 + Level 2.2 Long Blades
 + Level 3.4 Armour
 + Level 1.0 Dodging
 + Level 0.2 Stealth
 + Level 3.6 Shields


You had 3 spell levels left.
You didn't know any spells.

Dungeon Overview and Level Annotations

Branches:
Dungeon (3/15)


Innate Abilities, Weirdness & Mutations

You have an increased reservoir of magic (+10% MP).
Your attributes are resistant to harm.


Message History

You block the gnoll's attack. You block the adder's attack.
The gnoll barely misses you.
You slash the gnoll!
The gnoll is heavily wounded.
The adder bites you but does no damage. The gnoll barely misses you.
You block the gnoll's attack. The adder completely misses you.
The gnoll hits you with a halberd of protection.
* * * LOW HITPOINT WARNING * * *
You closely miss the gnoll.
The gnoll is heavily wounded.
You block the gnoll's attack. The gnoll hits you with a flail.
* * * LOW HITPOINT WARNING * * *
The adder barely misses you. You block the gnoll's attack.
The adder barely misses you.
You hit the gnoll.
The gnoll is severely wounded.
The gnoll hits you but does no damage. x2
The adder bites you but does no damage. The gnoll closely misses you.
The gnoll barely misses you. The gnoll hits you with a flail.
You die...

...........### #.#
..)......### #.#
##.....<.# #.#
.#.......# ####.#
.........#####....#
.........#......###
............###..#
.............###'##
.............##g@.#
......(.....##gSg..#
...........##.#...#.#
).........##.8.8.8.8.#
#...........#
+.....$.....+
#......(....#
##.8.8.8.8.##


You could see 3 gnolls and an adder.

Vanquished Creatures
  4 gnolls (D:3)
  2 adders
  4 giant geckos
  3 orcs (D:3)
  A ball python (D:2)
  A giant cockroach (D:2)
  5 goblins
  6 hobgoblins
  3 jackals (D:1)
  2 quokkas
  6 bats
  2 giant newts
  6 kobolds (D:1)
  5 rats
50 creatures vanquished.

Notes
Turn   | Place    | Note
--------------------------------------------------------------
     0 | D:1      | tof the Demigod Fighter began the quest for the Orb.
     0 | D:1      | Reached XP level 1. HP: 18/18 MP: 3/3
   202 | D:1      | Reached XP level 2. HP: 25/25 MP: 4/4
   213 | D:1      | Reached skill level 3 in Shields
   982 | D:2      | Reached XP level 3. HP: 28/31 MP: 5/5
  1006 | D:2      | Found a snail-covered altar of Cheibriados.
  1082 | D:2      | Found a sacrificial altar of Ru.
  1805 | D:3      | Reached XP level 4. HP: 22/38 MP: 6/6
  1898 | D:3      | Reached skill level 1 in Dodging
  2164 | D:3      | Slain by a gnoll

Vault maps used:
D:1:      eino_arrival_cavern_a
D:2:      lemuel_crystal_altar, marbit_many_paths, first_bread
D:3:      dk_noncrumbling_3

Action                   |  1- 3 |  4- 6 || total
-------------------------+-------+-------++-------
Melee: Long sword        |   143 |    24 ||   167
  Eat: Chunk             |     3 |     1 ||     4
